Map: Ulrena

Players

MCanning - Winner!

  • Race: Protoss Protoss
  • League: Grandmaster

Hqrdest

  • Race: Zerg Zerg
  • League: Diamond

VOD

http://www.twitch.tv/mcanning/v/30690643

Description

Time

  • Played on: Dec. 19, 2015, 3:56 a.m.
  • Length: 7:54
Show
View Real Time Build Order
Export as new Build Order

MCanning Protoss - Winner!

Build Orders: 1 Gate Expand 

Get SALT Encoding   

  12  0:01  Probe (Chrono Boost)  
  13  0:11  Probe (Chrono Boost)  
  14  0:18  Pylon  
  14  0:22  Probe (Chrono Boost)  
  15  0:36  Probe (Chrono Boost)  
  15  0:39  Gateway  
  16  0:47  Probe (Chrono Boost)  
  17  0:54  Assimilator  
  17  0:57  Probe (Chrono Boost)  
  18  1:08  Probe (Chrono Boost)  
  19  1:21  Nexus  
  19  1:35  Probe (Chrono Boost)  
  19  1:36  Cybernetics Core  
  20  1:44  Pylon  
  20  1:45  Probe (Chrono Boost)  
  21  1:55  Assimilator  
  21  1:56  Probe (Chrono Boost)  
  23  2:16  Mothership Core (Chrono Boost)  
  23  2:18  Zealot  
  26  2:25  Warp Gate  
  26  2:34  Probe (Chrono Boost)  
  27  2:39  Probe (Chrono Boost)  
  28  2:45  Probe (Chrono Boost)  
  28  2:48  Robotics Facility  
  28  2:50  Probe (Chrono Boost)  
  30  2:55  Probe (Chrono Boost)  
  31  2:58  Stalker  
  31  3:00  Probe (Chrono Boost)  
  34  3:06  Probe (Chrono Boost)  
  35  3:16  Probe (Chrono Boost)  
  35  3:17  Probe (Chrono Boost)  
  37  3:24  Gateway  
  37  3:30  Gateway x2  
  37  3:34  Probe (Chrono Boost)  
  38  3:35  Probe (Chrono Boost)  
  39  3:44  Probe (Chrono Boost), Warp Prism (Chrono Boost)  
  42  3:55  Pylon  
  42  3:57  Probe  
  42  4:00  Pylon  
  43  4:08  Probe  
  44  4:10  Twilight Council  
  44  4:19  Immortal (Chrono Boost)  
  48  4:30  Adept x3  
  48  4:31  Adept  
  56  4:38  Probe  
  57  4:42  Probe  
  58  4:49  Immortal (Chrono Boost)  
  62  5:12  Pylon  
  62  5:13  Pylon  
  62  5:19  Gateway x2  
  62  5:22  Gateway  
  62  5:24  Gateway  
  62  5:25  Immortal  
  62  5:26  Gateway  
  62  5:28  Pylon  
  62  5:34  Resonating Glaives (Chrono Boost)  
  64  5:53  Sentry x2  
  64  5:54  Stalker x2  
  68  5:59  Warp Prism  
  66  6:15  Adept x2  
  66  6:17  Adept x3  
  76  6:22  Adept  
  78  6:27  Probe  
  78  6:28  Pylon  
  78  6:31  Adept x2  
  78  6:32  Observer  
  83  6:37  Adept  
  82  6:58  Adept x4  
  82  6:59  Adept  
  88  7:03  Adept  
  86  7:14  Adept x3  
  88  7:26  Adept x3  
  94  7:31  Assimilator  
  94  7:32  Assimilator  
  86  7:44  Adept x3  
  86  7:49  Adept x2  
Show
View Real Time Build Order
Export as new Build Order

Hqrdest Zerg 

Build Orders: Hatch First 

Get SALT Encoding   

  12  0:01  Drone  
  13  0:13  Overlord  
  13  0:19  Drone  
  14  0:31  Drone x2  
  14  0:35  Drone  
  17  0:47  Drone  
  18  0:57  Hatchery  
  17  1:00  Drone  
  18  1:14  Spawning Pool  
  18  1:16  Drone  
  18  1:21  Drone  
  19  1:30  Drone  
  20  1:41  Overlord  
  20  2:02  Queen  
  20  2:03  Hatchery  
  21  2:09  Queen  
  21  2:12  Zergling x2  
  21  2:15  Drone  
  25  2:22  Drone x2  
  27  2:23  Drone  
  28  2:32  Drone x2  
  30  2:38  Queen  
  32  2:45  Queen  
  32  2:48  Drone  
  35  2:51  Overlord  
  35  2:55  Drone  
  35  3:06  Drone  
  35  3:10  Extractor  
  35  3:11  Drone x3, Extractor  
  37  3:15  Queen  
  37  3:18  Drone x3  
  42  3:27  Overlord x2  
  42  3:45  Drone x2  
  42  3:46  Drone  
  45  3:49  Drone x2  
  45  3:50  Evolution Chamber, Drone x3  
  45  3:52  Evolution Chamber  
  48  4:02  Drone x2  
  50  4:03  Drone x3  
  50  4:09  Overlord x2  
  53  4:21  Zerg Ground Armor Level 1, Zerg Melee Weapons Level 1  
  53  4:24  Drone  
  53  4:26  Extractor  
  53  4:27  Roach Warren  
  52  4:36  Drone x3  
  52  4:37  Drone, Queen  
  58  4:42  Metabolic Boost  
  58  4:51  Zergling x12  
  57  5:09  Drone x4  
  57  5:10  Drone  
  62  5:14  Drone x2  
  62  5:15  Drone x4  
  68  5:31  Lair  
  68  5:32  Drone x3  
  65  5:52  Drone x11  
  65  5:54  Overlord  
  65  5:55  Overlord x3  
  71  6:00  Drone x3  
  72  6:12  Extractor  
  72  6:13  Extractor  
  72  6:17  Queen x2  
  74  6:22  Overlord x2  
  74  6:23  Zergling x2  
  74  6:24  Roach x3  
  74  6:25  Roach  
  83  6:32  Roach x3, Zergling x2  
  90  6:33  Zergling x2  
  83  6:53  Zergling x18  
  74  7:04  Ravager x4  
  64  7:24  Zergling x10  
  64  7:29  Roach x4  
Tags
 
Add a new tag
Caveats
  • Supply blocks, unpowered buildings, or Contaminate may cause inaccurate times.
  • Supply counts are checked every 10 seconds.